 Dungeon Crawl Stone Soup version 0.29-a0-553-g81b289dbe5 (webtiles) character file.

Game seed: 15483082294302940704

1311 CryoSword the Chopper (level 8, -5/69 HPs)
             Began as a Ghoul Fighter on June 6, 2022.
             Was an Initiate of Ru.
             Slain by a yak (8 damage)
             ... on level 4 of the Dungeon.
             The game lasted 00:06:10 (4619 turns).

CryoSword the Chopper (Ghoul Fighter)               Turns: 4619, Time: 00:06:11

Health: -5/69      AC: 12    Str: 22    XL:     8   Next: 58%
Magic:  7/7        EV:  5    Int:  3    God:    Ru [......]
Gold:   278        SH:  4    Dex:  8    Spells: 7/7 levels left

rFire   . . .      SeeInvis .   D - +0 hand axe
rCold   + . .      Faith    .   c - +0 buckler
rNeg    + + +      Spirit   .   s - +0 plate armour
rPois   ∞          Reflect  .   (no helmet)
rElec   .          Harm     .   x - +0 cloak
rCorr   +          Rampage  .   (no gloves)
Will    .....                   (no boots)
Stlth   ..........              (no amulet)
HPRegen 0.00/turn               j - ring of resist corrosion
MPRegen 0.10/turn               t - +4 ring of slaying

@: mighty, inhibited regen
A: claws 1, cold resistance 1, negative energy resistance 3, inhibited
regeneration, torment resistance 2, no stealth, devour on kill
a: Renounce Religion


You were on level 4 of the Dungeon.
You worshipped Ru.
Ru was noncommittal.
You visited 1 branch of the dungeon, and saw 5 of its levels.

You collected 298 gold pieces.
You spent 20 gold pieces at shops.

Inventory:

Hand Weapons
 a - a +0 war axe
 D - a +0 hand axe (weapon)
   (You took it off an orc on level 5 of the Dungeon)
Missiles
 E - 5 boomerangs (quivered)
Armour
 c - a +0 buckler (worn)
 s - a +0 plate armour (worn)
   (You took it off a hobgoblin on level 3 of the Dungeon)
 x - a +0 cloak (worn)
   (You found it on level 4 of the Dungeon)
Jewellery
 h - a ring of fire
   (You found it on level 1 of the Dungeon)
 j - a ring of resist corrosion (left claw)
   (You found it on level 2 of the Dungeon)
 t - a +4 ring of slaying (right claw)
   (You found it on level 3 of the Dungeon)
 y - a ring of fire
   (You found it on level 4 of the Dungeon)
Wands
 A - a wand of charming (8)
   (You found it on level 4 of the Dungeon)
Scrolls
 e - a scroll of magic mapping
 k - a scroll of poison {unknown}
 m - 2 scrolls of acquirement {unknown}
 n - a scroll of blinking
 o - 2 scrolls of summoning {unknown}
 p - a scroll of teleportation {@r4}
 q - a scroll of brand weapon {unknown}
 u - a scroll of enchant weapon
 v - a scroll of silence {unknown}
 w - a scroll of amnesia {unknown}
 C - a scroll of fear {unknown}
Potions
 b - 2 potions of mutation {unknown}
 g - 3 potions of flight {unknown}
 i - 2 potions of curing {@q1}
 l - 2 potions of lignification {unknown}
 r - 2 potions of berserk rage {unknown}
 z - 2 potions of brilliance {unknown}
 B - 2 potions of attraction {!q}


   Skills:
 + Level 5.5 Fighting
 * Level 6.7 Axes
 - Level 2.6 Armour
 + Level 4.6 Shields
 + Level 4.0 Necromancy


You had 7 spell levels left.
You didn't know any spells.
Your spell library contained the following spells:

 Spells                   Type           Power      Damage    Failure   Level
 Slow                     Hex            0%         N/A       100%        1
 Confusing Touch          Hex            0%         N/A       100%        3
 Dazzling Flash           Conj/Hex       0%         N/A       100%        3
 Stone Arrow              Conj/Erth      0%         3d7       100%        3
 Vampiric Draining        Necr           2%         2d6       100%        3
 Animate Armour           Summ/Erth      0%         N/A       100%        4
 Agony                    Necr           2%         N/A       100%        5
 Silence                  Hex/Air        0%         N/A       100%        5
 Lehudib's Crystal Spear  Conj/Erth      0%         10d2      100%        8


Dungeon Overview and Level Annotations

Branches:
Dungeon (5/15)             Temple (0/1) D:5

Altars:
Cheibriados
Ru
Yredelemnul

Shops:
D:1 ?


Innate Abilities, Weirdness & Mutations

You are immune to poison.
You have sharp fingernails.
Your flesh is cold resistant. (rC+)
You are immune to negative energy. (rN+++)
You do not regenerate when monsters are visible.
You are immune to unholy pain and torment.
You cannot be stealthy.
You thrive by killing the living.


Message History

The ogre hits you with a +0 giant club!!
* * * LOW HITPOINT WARNING * * *
You are too injured to fight recklessly!
You are too injured to fight recklessly!
You are too injured to fight recklessly!
You are too injured to fight recklessly!
You are too injured to fight recklessly!
You are too injured to fight recklessly!
You are too injured to fight recklessly!
You are too injured to fight recklessly!
You are too injured to fight recklessly!
You are too injured to fight recklessly!
You are no longer corroded.
There is a stone staircase leading up here.
You climb upwards.
There is a stone staircase leading down here.
There is a stone staircase leading down here.
You start resting.
You climb downwards.
There is a stone staircase leading up here.
Found a glowing dagger.
Found a staircase to the Ecumenical Temple.
An orc comes into view. It is wielding a +0 flail.
Found a scroll of identify.
The orc shouts!
You hear a shout!
An orc comes into view. It is wielding a +0 hand axe.
The orc moves out of view.
You hear a shout! 2 orcs come into view.
The orc shouts! x3
Found 6 gold pieces.
The orc hits you but does no damage.
You see here a +0 dagger of venom.
You hit the orc but do no damage. You barely miss the orc. You hit the orc.
The orc hits you but does no damage. x2
You slash the orc!
You kill the orc!
You slash the orc!
You kill the orc!
You slash the orc! You hit the orc. The orc hits you but does no damage.
The orc barely misses you.
You slash the orc!
You kill the orc!
You barely miss the orc. You block the orc's attack.
The orc closely misses you.
You slash the orc!
You kill the orc!
You see here a +0 hand axe.
D - a +0 hand axe
E - a scroll of identify {@r1}
Okay, then.
D - a +0 hand axe (weapon)
As you read the scroll of identify {@r1}, it crumbles to dust.
u - a scroll of enchant weapon
Okay, then.
Things that are here:
a +0 scale mail; a +0 club
Things that are here:
a +0 ring mail; a +0 flail; an orc corpse
Things that are here:
a +0 scale mail; a +0 club You see here a +0 falchion.
You now have 257 gold pieces (gained 6).
A yak comes into view.
The yak bellows!
You hear a bellow! x2
An ogre comes into view. It is wielding a +0 giant club.
The yak moves out of view.
An ogre is nearby!
An ogre is nearby!
An ogre is nearby!
A yak comes into view.
The ogre shouts!
You hear a bellow!
A yak comes into view.
The yak bellows!
The yak gores you! The yak attacks as you move away! The yak barely misses you.
The ogre attacks as you move away! The ogre closely misses you.
The ogre attacks as you move away! The ogre hits you with a +0 giant club.
You see here a +0 falchion.
You see here a +0 dagger of venom.
The yak snorts and paws the ground.
The ogre attacks as you move away! You block the ogre's attack.
The ogre attacks as you move away! The ogre hits you but does no damage.
There is a stone staircase leading up here.
You climb upwards.
There is a stone staircase leading down here.
You start resting.
There is a stone staircase leading down here.
You climb downwards.
There is a stone staircase leading up here.
Found 16 stones.
You now have 272 gold pieces (gained 15).
You now have 278 gold pieces (gained 6).
z - 2 bubbling emerald potions (gained 1)
You see here a hound skeleton.
E - 5 boomerangs You see here 16 stones.
The yak bellows!
There are monsters nearby!
There are monsters nearby!
There is a stone staircase leading up here.
The yak gores you.
You climb upwards.
There is a stone staircase leading down here.
You hit the yak. The yak gores you.
You slash the yak! The yak gores you but does no damage.
You hit the yak. The yak gores you but does no damage.
You hit the yak. The yak gores you but does no damage.
You barely miss the yak. The yak completely misses you.
You hit the yak. The yak gores you but does no damage.
You slash the yak! You block the yak's attack.
You hit the yak. The yak gores you but does no damage.
You slash the yak!
You kill the yak!
Your Necromancy skill increases to level 4!
You start resting.
You climb downwards.
The yak bellows!
The yak gores you.
There is a stone staircase leading up here.
The yak gores you. x2
You climb upwards.
There is a stone staircase leading down here.
The yak gores you. The yak attacks as you move away!
The yak gores you but does no damage. The yak gores you!
The yak attacks as you move away! The yak gores you but does no damage.
The yak attacks as you move away! The yak gores you!
* * * LOW HITPOINT WARNING * * *
You closely miss the yak. The yak gores you!
* * * LOW HITPOINT WARNING * * *
You barely miss the yak. The yak gores you!
* * * LOW HITPOINT WARNING * * *
You feel much better. The yak gores you!
* * * LOW HITPOINT WARNING * * *
You barely miss the yak. The yak gores you but does no damage.
You feel very mighty all of a sudden. The yak gores you but does no damage.
You slash the yak! You slash the yak! You closely miss the yak.
You block the yak's attack. The yak gores you but does no damage.
You hit the yak. You barely miss the yak. The yak gores you!
* * * LOW HITPOINT WARNING * * *
The yak gores you but does no damage.
You slash the yak! You barely miss the yak. The yak gores you!
* * * LOW HITPOINT WARNING * * *
The yak gores you.
* * * LOW HITPOINT WARNING * * *
You slash the yak! You hit the yak. The yak gores you but does no damage.
The yak gores you!
You die...

# ###### ###### # .....# #....# #
.....# #....# # .....###########
#....# #
.....#......)..#####....#########
..[..#.........##................
.....#.........##.##....#########
.....####.#.####@Y##....# ######
####......#..###Y###....# ##.....
######....##..###....###..##..
#..#.......#######...##..#
#.##......>.######.####.##
########.###........##....# #.##
.......#.................#####.##
.........###.....................
...................###########..#


You could see 2 yaks.

Vanquished Creatures
  Grinder (D:3)
  Sigmund (D:4)
  A yak (D:4)
  Edmund (D:5)
  An ice beast (D:5)
  2 black bears
  A phantom (D:5)
  2 hounds (D:5)
  A jelly (D:5)
  An iguana (D:5)
  An orc wizard (D:5)
  7 gnolls (D:4)
  7 adders
  A shadow imp (D:5)
  A worm (D:2)
  2 dart slugs (D:2)
  4 orcs (D:5)
  9 ball pythons
  5 bats
  5 endoplasms
  2 giant cockroaches
  4 goblins
  14 hobgoblins
  3 kobolds
  2 quokkas
  3 frilled lizards
  3 rats
  A spectral orc (D:4)
86 creatures vanquished.

Notes
Turn   | Place    | Note
-------+----------+-------------------------------------------
     0 | D:1      | CryoSword the Ghoul Fighter began the quest for the Orb.
     0 | D:1      | Reached XP level 1. HP: 19/19 MP: 0/0
    25 | D:1      | Reached skill level 2 in Axes
    91 | D:1      | Reached XP level 2. HP: 26/26 MP: 1/1
   253 | D:1      | Found Qatuacuj's Magic Scroll Shoppe.
   262 | D:1      | Bought a scroll of identify for 20 gold pieces
   589 | D:2      | Reached skill level 3 in Axes
   598 | D:2      | Reached XP level 3. HP: 24/31 MP: 2/2
  1015 | D:2      | Reached XP level 4. HP: 14/38 MP: 3/3
  1442 | D:2      | Reached skill level 4 in Axes
  1540 | D:2      | Reached skill level 1 in Necromancy
  2105 | D:3      | Noticed Grinder
  2121 | D:3      | Paralysed by Grinder for 4 turns
  2270 | D:3      | Paralysed by Grinder for 2 turns
  2280 | D:3      | Killed Grinder
  2281 | D:3      | Reached XP level 5. HP: 34/46 MP: 4/4
  2281 | D:3      | Reached XP level 6. HP: 38/52 MP: 5/5
  2522 | D:3      | Found a sacrificial altar of Ru.
  2533 | D:3      | Became a worshipper of Ru the Awakened
  2892 | D:4      | Reached skill level 5 in Axes
  2944 | D:4      | Found a snail-covered altar of Cheibriados.
  2988 | D:4      | Noticed Sigmund
  3006 | D:4      | Killed Sigmund
  3007 | D:4      | Reached XP level 7. HP: 60/60 MP: 6/6
  3580 | D:4      | Found a basalt altar of Yredelemnul.
  3620 | D:5      | Entered Level 5 of the Dungeon
  3695 | D:5      | Noticed Edmund
  3717 | D:5      | Killed Edmund
  3820 | D:5      | Reached skill level 5 in Fighting
  3820 | D:5      | Reached skill level 6 in Axes
  3820 | D:5      | Reached XP level 8. HP: 54/68 MP: 7/7
  3937 | D:5      | Gained mutation: You cannot be stealthy. [Ru sacrifice]
  4318 | D:5      | Found a staircase to the Ecumenical Temple.
  4344 | D:5      | Noticed a yak
  4345 | D:5      | Noticed a yak
  4346 | D:5      | Noticed a yak
  4583 | D:4      | Killed a yak
  4618 | D:4      | HP: 3/69 [yak (5)]
  4619 | D:4      | Slain by a yak

Illustrated notes

Levels and vault maps discovered:
D:1:      nzn_arrival_water_spiral, layout_rooms, serial_shops, shop
D:2:      wad_river_or_something, layout_basic
D:3:      layout_basic, lemuel_tele_altar, uniq_grinder
D:4:      black_bear_nest_1, layout_rooms, yredelemnul_forgotten_temple_becter,
          mainiacjoe_overflow_chevrons, uniq_sigmund
D:5:      minmay_recursive_quarters, layout_rooms, minmay_temple_entry_arrows,
          kennysheep_generic_room_14, uniq_crazy_yiuf_cottage, uniq_edmund

Skill      XL: |  1  2  3  4  5  6  7  8 |
---------------+-------------------------+-----
Axes           | 2 3 4 5 6 |  6.7
Necromancy     | 2 3 4 |  4.0
Shields        | 3 4 |  4.6
Fighting       | 4 5 |  5.5
Armour         | |  2.6

Action                   |  1- 3 |  4- 6 |  7- 9 || total
-------------------------+-------+-------+-------++-------
Melee: War axe           |   105 |   137 |    64 ||   306
       Hand axe          |       |       |    17 ||    17
Invok: Sacrifice Stealth |       |       |     1 ||     1
  Use: Scroll            |     2 |     4 |     2 ||     8
       Potion            |       |     3 |     3 ||     6
Armor: Scale mail        |    55 |    34 |       ||    89
       Chain mail        |       |    25 |       ||    25
       Plate armour      |       |    28 |    72 ||   100
Dodge: Dodged            |    55 |    56 |    23 ||   134
Block: Buckler           |    19 |    26 |    18 ||    63

Table legend: (Time is in decaauts)
 A = Elapsed time spent in this place.
 B = Non-inter-level travel time spent in this place.
 C = Inter-level travel time spent in this place.
 D = Time resting spent in this place.
 E = Time spent auto-exploring this place.
 F = Levels seen in this place.
 G = Mean time per level.
                   A        B        C        D        E       F      G
               +--------+--------+--------+--------+--------+-----+--------+
         Total |   4728 |   4551 |    177 |    547 |   2985 |   5 |  945.6 |
       Dungeon |   4728 |   4551 |    177 |    547 |   2985 |   5 |  945.6 |
               +--------+--------+--------+--------+--------+-----+--------+

Top non-repeatable levels by time:
     D:2: 1534 daAuts
     D:4: 1237 daAuts
     D:3: 706 daAuts
     D:5: 679 daAuts
     D:1: 570 daAuts
